 Dungeon Crawl Stone Soup version 0.23.0 (webtiles) character file.

Game seed: 1091879317222413062

12412 MalarOregon the Spear-Bearer (level 11, 0/90 HPs)
             Began as a Merfolk Abyssal Knight on Feb 16, 2019.
             Was an Elder of Lugonu.
             Slain by a molten gargoyle
             ... wielding a +0 flail
              (6 damage)
             ... in a volcano.
             The game lasted 00:42:51 (21520 turns).

MalarOregon the Spear-Bearer (MfAK)                Turns: 21520, Time: 00:42:51

Health: 0/90       AC: 11    Str: 13    XL:     11   Next: 93%
Magic:  8/17       EV: 16    Int: 19    God:    Lugonu [****..]
Gold:   403        SH:  0    Dex: 14    Spells: 15/18 levels left

rFire    + . .     SeeInvis .   a - +1 halberd
rCold    . . .     Gourm    .   (shield currently unavailable)
rNeg     . . .     Faith    .   B - +0 scale mail {rF+}
rPois    +         Spirit   .   (no helmet)
rElec    .         Reflect  .   o - +1 cloak
rCorr    .         Harm     .   t - +0 pair of gloves
MR       +....     Clarity  +   D - +0 pair of boots
Stlth    ..........             (no amulet)
HPRegen  0.25/turn              C - ring of poison resistance
MPRegen  0.15/turn              H - +2 ring of evasion

@: brilliant, very slightly contaminated
A: change form in water, swift swim, stealthy swim, clarity, magic resistance 1
a: Depart the Abyss, Bend Space, Banish, Corrupt, Renounce Religion


You were in a volcano.
You worshipped Lugonu.
Lugonu was greatly pleased with you.
You were not hungry.

You visited 3 branches of the dungeon, and saw 14 of its levels.
You visited the Abyss 1 time.
You also visited: Volcano.

You collected 683 gold pieces.
You spent 280 gold pieces at shops.

Inventory:

Hand Weapons
 a - a +1 halberd (weapon)
   (You took it off an orc warrior on level 10 of the Dungeon)
 b - a +2 hunting sling of velocity
   (You found it on level 2 of the Dungeon)
 w - a +0 blowgun
   (You took it off a kobold on level 9 of the Dungeon)
Missiles
 m - 276 stones (quivered)
 A - 4 sling bullets
 J - 8 curare-tipped needles {!f}
Armour
 f - a +0 plate armour of fire resistance
   (You took it off an orc warrior on level 10 of the Dungeon)
 o - a +1 cloak (worn)
   (You found it on level 2 of the Dungeon)
 t - a +0 pair of gloves (worn)
   (You found it on level 3 of the Dungeon)
 B - a +0 scale mail of fire resistance (worn)
   (You found it on level 5 of the Dungeon)
 D - a +0 pair of boots (worn)
   (You found it on level 7 of the Dungeon)
Jewellery
 c - a +4 amulet of reflection {unknown}
   (You found it on level 9 of the Dungeon)
 h - an uncursed ring of wizardry
   (You found it on level 1 of the Dungeon)
 C - a ring of poison resistance (left hand)
   (You found it on level 7 of the Dungeon)
 H - a +2 ring of evasion (right hand)
   (You found it on level 9 of the Dungeon)
Wands
 n - a wand of scattershot (2)
   (You found it on level 11 of the Dungeon)
 u - a wand of paralysis (4)
   (You found it on level 10 of the Dungeon)
 v - a wand of digging (11)
   (You found it on level 5 of the Dungeon)
 x - a wand of polymorph (8)
   (You found it on level 4 of the Dungeon)
Scrolls
 d - a scroll of random uselessness {unknown}
 i - 2 scrolls of fog
 j - a scroll of enchant weapon
 l - 8 scrolls of identify {@r1}
 q - 3 scrolls of remove curse {@r2}
 r - a scroll of amnesia
 s - a scroll of enchant armour
 y - a scroll of acquirement {unknown}
 G - 2 scrolls of teleportation {@r4}
 I - a scroll of noise {unknown}
 K - a scroll of brand weapon {unknown}
Potions
 g - 6 potions of curing {@q1}
 p - 4 potions of flight
 z - 3 potions of mutation {!q}
 E - a potion of lignification {!q}
Comestibles
 e - 18 rations {!d}


   Skills:
 - Level 10.0 Fighting
 + Level 13.4 Polearms
 + Level 2.1 Throwing
 + Level 3.3 Armour
 - Level 10.1 Dodging
 + Level 4.3 Spellcasting
 + Level 4.4 Hexes
 + Level 8.7 Invocations


You had 15 spell levels left.
You knew the following spells:

 Your Spells              Type           Power        Failure   Level  Hunger
d - Tukima's Dance        Hex            ####....     3%          3    ###....

Your spell library contained the following spells:

 Spells                   Type           Power        Failure   Level  Hunger
 Corona                   Hex            ####...      1%          1    None
 Confuse                  Hex            ####....     3%          3    ###....
 Ensorcelled Hibernation  Hex/Ice        ###...       4%          2    #......
 Dazzling Spray           Conj/Hex       ###...       8%          3    ###....


Dungeon Overview and Level Annotations

Branches:
Dungeon (11/15)            Temple (1/1) D:7            Lair (2/6) D:10
 Spider (0/4) Lair:2          Orc (0/2) D:9
  Swamp: Lair:2-4    Shoals: Lair:2-4

Altars:
Ashenzari
Cheibriados
Dithmenos
Elyvilon
Fedhas
Gozag
Hepliaklqana
Kikubaaqudgha
Makhleb
Nemelex Xobeh
Okawaru
Qazlal
Ru
Sif Muna
Trog
Uskayaw
Vehumet
Wu Jian
Xom
Yredelemnul
Zin
The Shining One

Shops:
D:5 [!*?[   D:10 [

Annotations:
D:6 Joseph
D:8 2 runed translucent doors, Hylith's ghost, novice MiFi


Innate Abilities, Weirdness & Mutations

You revert to your normal form in water You are very nimble and swift while swimming.
You are very stealthy in the water. (Stealth+)
You possess an exceptional clarity of mind.
You are resistant to hostile enchantments. (MR+)


Message History

The molten gargoyle blasts magma at you!
The bolt of magma hits you! You partially resist.
The molten gargoyle blasts magma at you!
The bolt of magma misses you.
There is an open door here.
Here: a toenail golem The floor.
Unknown command.
Aim: a molten gargoyle, wielding a +0 flail (lightly damaged, chance to defeat MR: 19%)
Okay, then.
Unknown command.
Aim: a molten gargoyle, wielding a +0 flail (lightly damaged, chance to defeat MR: 15%)
The molten gargoyle resists with almost no effort.
The molten gargoyle hits you with a +0 flail!
You are engulfed in flames.
You resist.
* * * LOW HITPOINT WARNING * * *
Aim: a molten gargoyle, wielding a +0 flail (lightly damaged, chance to defeat MR: 15%)
The molten gargoyle resists with almost no effort.
The molten gargoyle blasts magma at you!
The bolt of magma hits you!! You partially resist.
* * * LOW HITPOINT WARNING * * *
Aim: a molten gargoyle, wielding a +0 flail (lightly damaged, chance to defeat MR: 15%)
The molten gargoyle resists with almost no effort.
The molten gargoyle misses you.
You feel clever all of a sudden. The molten gargoyle barely misses you.
You don't know that spell.
You don't know that spell.
Aim: a molten gargoyle, wielding a +0 flail (lightly damaged, chance to defeat MR: 37%)
You miscast Tukima's Dance.
You are very lightly contaminated with residual magic.
You feel off-balance for a moment.
The molten gargoyle completely misses you.
Aim: a molten gargoyle, wielding a +0 flail (lightly damaged, chance to defeat MR: 37%)
The molten gargoyle easily resists.
Aim: a molten gargoyle, wielding a +0 flail (lightly damaged, chance to defeat MR: 37%)
The molten gargoyle easily resists.
The molten gargoyle hits you with a +0 flail!
* * * LOW HITPOINT WARNING * * *
You are engulfed in flames.
You resist.
* * * LOW HITPOINT WARNING * * *
You feel better.
The molten gargoyle blasts magma at you!
The bolt of magma hits you! You partially resist.
* * * LOW HITPOINT WARNING * * *
You feel better.
The molten gargoyle hits you with a +0 flail!
* * * LOW HITPOINT WARNING * * *
You are engulfed in flames.
You resist.
You die...

#### ##.#
##..###
##☼☼§##....≈##
.§☼☼§§#....§☼#
§≈≈≈≈§+.§∩§☼≈#
§≈≈§##..≈§≈#
§§≈≈##..≈§≈# §
###..≈≈≈#
#@..∩.§≈#
#9#....☼☼#
.8###...☼##
#.# #...## ##
#####


You could see a toenail golem and a molten gargoyle.

Vanquished Creatures
  A hydra (Lair:2)
  A two-headed ogre (D:10)
  A gargoyle (D:9)
  A centaur zombie (D:10)
  3 centaur skeletons (D:10)
  2 spiny frogs (Lair:1)
  A kobold demonologist (D:8)
  4 trolls
  A queen bee (D:8)
  A polar bear (Lair:2)
  Grinder (D:6)
  2 hippogriffs
  A wyvern (D:8)
  10 yaks
  Eustachio (D:5)
  A steam dragon (D:9)
  A hungry ghost (D:10)
  2 water moccasins
  2 porcupines (Lair:1)
  3 sky beasts
  A swamp drake (Lair:1)
  4 orc warriors
  3 ice beasts
  A black bear (D:9)
  2 wolves (D:11)
  An ogre (D:6)
  3 centaurs
  A crocodile (Lair:1)
  12 big kobolds
  9 bullfrogs
  2 wyvern skeletons (D:6)
  19 killer bees (D:8)
  3 electric eels (D:10)
  A bullfrog skeleton (D:9)
  4 jellies
  8 hounds
  3 orc priests
  6 orc wizards
  2 iguanas
  10 worker ants
  A killer bee zombie (D:4)
  A hound zombie (D:6)
  2 worker ant zombies
  9 adders
  2 oozes
  An adder skeleton (D:8)
  2 worms (D:2)
  A dart slug (D:1)
  9 leopard geckos
  34 orcs
  6 giant cockroaches
  12 goblins
  6 hobgoblins
  19 jackals
  5 quokkas
  A ball python (D:2)
  8 bats
  2 frilled lizards (D:1)
  A jackal skeleton (D:6)
  17 kobolds
  A quokka zombie (D:5)
  8 rats
  A plant (Lair:1)
284 creatures vanquished.

Vanquished Creatures (collateral kills)
  A jackal (D:10)
1 creature vanquished.

Vanquished Creatures (others)
  A dancing weapon (D:9)
1 creature vanquished.

Grand Total: 286 creatures vanquished

Notes
Turn   | Place    | Note
-------+----------+-------------------------------------------
     0 | Abyss:1  | MalarOregon the Merfolk Abyssal Knight began the quest for
                  | the Orb.
     0 | Abyss:1  | Reached XP level 1. HP: 18/18 MP: 2/2
    33 | D:1      | Escaped the Abyss
   167 | D:1      | Reached skill level 4 in Polearms
   167 | D:1      | Reached XP level 2. HP: 19/24 MP: 3/3
   515 | D:1      | Reached skill level 5 in Polearms
   515 | D:1      | Reached XP level 3. HP: 28/29 MP: 4/4
   866 | D:2      | Reached ** piety under Lugonu
  1749 | D:2      | Reached skill level 6 in Polearms
  1886 | D:2      | Reached XP level 4. HP: 35/35 MP: 5/5
  2106 | D:2      | Found a faded altar of an unknown god.
  2473 | D:3      | Reached skill level 7 in Polearms
  2473 | D:3      | Reached XP level 5. HP: 41/41 MP: 6/6
  2479 | D:3      | Reached *** piety under Lugonu
  2589 | D:3      | Reached skill level 8 in Polearms
  2685 | D:3      | Found an opulent altar of Gozag.
  3117 | D:4      | Reached skill level 9 in Polearms
  3117 | D:4      | Reached XP level 6. HP: 47/47 MP: 7/7
  3999 | D:4      | Reached skill level 10 in Polearms
  4526 | D:5      | Entered Level 5 of the Dungeon
  4526 | D:5      | Found Tydiv's Magic Scroll Boutique.
  4536 | D:5      | Noticed Eustachio
  4541 | D:5      | Found a hide-covered altar of Uskayaw.
  4558 | D:5      | Found Pivausagg's Assorted Antiques.
  4565 | D:5      | Bought a scroll labeled FIANAO XOSHRYO for 32 gold pieces
  4565 | D:5      | Bought a scroll labeled WUFUBI BUUSU for 32 gold pieces
  4565 | D:5      | Bought a fuming red potion for 28 gold pieces
  4565 | D:5      | Bought a scroll labeled SEGOYG INI TAO for 32 gold pieces
  4565 | D:5      | Bought a puce potion for 28 gold pieces
  4565 | D:5      | Bought a scroll labeled ENILUIR VAARYNK for 32 gold pieces
  4565 | D:5      | Bought a scroll labeled FIANAO XOSHRYO for 32 gold pieces
  4565 | D:5      | Bought a pink potion for 28 gold pieces
  4565 | D:5      | Noticed a +0 hand axe
  4565 | D:5      | Noticed a +0 dagger
  4588 | D:5      | Found Surah's Distillery.
  4593 | D:5      | Bought a potion of curing for 36 gold pieces
  4676 | D:5      | Noticed an ice beast
  4879 | D:5      | Found Maem's Armour Shoppe.
  4967 | D:5      | Killed Eustachio
  4967 | D:5      | Reached XP level 7. HP: 29/52 MP: 8/8
  5460 | D:5      | Reached skill level 11 in Polearms
  5703 | D:5      | Reached skill level 12 in Polearms
  6059 | D:5      | Found an ornate altar of the Wu Jian Council.
  6114 | D:5      | Found Pynix's Antique Armour Shoppe.
  6321 | D:6      | Reached XP level 8. HP: 48/60 MP: 9/9
  6468 | D:6      | Noticed Grinder
  6493 | D:6      | Paralysed by Grinder for 3 turns
  6803 | D:6      | Killed Grinder
  6803 | D:6      | Reached skill level 5 in Fighting
  6803 | D:6      | Reached skill level 5 in Dodging
  6976 | D:6      | Reached **** piety under Lugonu
  7694 | D:7      | Found a staircase to the Ecumenical Temple.
  7909 | D:7      | Noticed Joseph
  8604 | D:6      | Gained mutation: You possess an exceptional clarity of
                  | mind. [potion of mutation]
  8604 | D:6      | Gained mutation: You are resistant to hostile enchantments.
                  | (MR+) [potion of mutation]
  9141 | D:7      | Paralysed by fainting for 11 turns
  9189 | Temple   | Entered the Ecumenical Temple
  9508 | D:7      | Learned a level 3 spell: Tukima's Dance
  9550 | D:8      | Reached XP level 9. HP: 57/69 MP: 10/10
  9629 | D:8      | Noticed a kobold demonologist
  9657 | D:8      | Killed a kobold demonologist
  9657 | D:8      | Reached skill level 1 in Spellcasting
  9657 | D:8      | Reached skill level 1 in Hexes
 10322 | D:8      | Noticed a queen bee
 10327 | D:8      | Killed a queen bee
 10327 | D:8      | Reached XP level 10. HP: 27/79 MP: 14/14
 11726 | D:8      | Found a basalt altar of Yredelemnul.
 11745 | D:8      | Reached skill level 5 in Invocations
 11787 | D:8      | Found a large runed translucent door.
 11792 | D:8      | Found a large runed translucent door.
 11792 | D:8      | Noticed Hylith's ghost (novice MiFi)
 13051 | D:9      | You fall through a shaft for 2 floors!
 13430 | D:10     | Entered Level 10 of the Dungeon
 13808 | D:10     | Noticed a two-headed ogre
 13830 | D:10     | Killed a two-headed ogre
 14563 | D:11     | HP: 6/123 [troll (6)]
 14573 | D:11     | Reached skill level 10 in Dodging
 15684 | D:10     | Found a staircase to the Lair.
 15736 | D:11     | Reached XP level 11. HP: 20/89 MP: 17/17
 16251 | D:10     | Reached skill level 1 in Armour
 16699 | D:10     | Reached ***** piety under Lugonu
 17086 | D:10     | Found a deep blue altar of Sif Muna.
 17353 | D:10     | Found Senkekk's Armour Boutique.
 18469 | D:9      | Reached skill level 10 in Fighting
 18997 | D:9      | Found a staircase to the Orcish Mines.
 19002 | D:9      | Reached skill level 13 in Polearms
 19465 | D:9      | Found a staircase to the Orcish Mines.
 20217 | Lair:1   | Entered Level 1 of the Lair of Beasts
 20342 | Lair:1   | Reached skill level 1 in Throwing
 21409 | Lair:2   | Noticed a five-headed hydra
 21417 | Lair:2   | Killed a five-headed hydra
 21494 | Lair:2   | Found a dark tunnel.
 21502 | Volcano  | Entered a volcano
 21518 | Volcano  | HP: 2/90 [molten gargoyle/+0 flail (5)]
 21520 | Volcano  | Slain by a molten gargoyle

Skill      XL: |  1  2  3  4  5  6  7  8  9 10 11 |
---------------+----------------------------------+-----
Polearms       | 4 5 6 7 9 10 12 13 | 13.4
Dodging        | 3 6 8 10 | 10.1
Fighting       | 6 7 9 10 | 10.0
Spellcasting   | 3 4 |  4.3
Hexes          | 3 4 |  4.4
Invocations    | 4 7 8 |  8.7
Armour         | 3 |  3.3
Throwing       | 2 |  2.1

Action                   |  1- 3 |  4- 6 |  7- 9 | 10-12 || total
-------------------------+-------+-------+-------+-------++-------
Melee: Spear             |   118 |    81 |   422 |   317 ||   938
       Halberd           |       |       |       |   359 ||   359
       Tailslap          |       |       |       |     4 ||     4
 Fire: Hunting sling     |    32 |   190 |   110 |   224 ||   556
 Cast: Tukima's Dance    |       |       |       |    10 ||    10
Invok: Bend Space        |       |       |     1 |       ||     1
Evoke: Wand              |       |       |    19 |     8 ||    27
  Use: Scroll            |       |     5 |     2 |     9 ||    16
       Potion            |       |       |     7 |     8 ||    15
 Stab: Sleeping          |     2 |       |       |       ||     2
       Distracted        |       |       |       |     1 ||     1
  Eat: Chunk             |     3 |     7 |     6 |    19 ||    35
       Ration            |       |     1 |     3 |     5 ||     9
Armor: Leather armour    |    20 |    20 |       |       ||    40
       Scale mail        |       |    33 |   124 |   211 ||   368
       Skin              |       |       |       |    29 ||    29
Dodge: Dodged            |    63 |   112 |   161 |   570 ||   906
